TOP OF THE 1ST |
Saskatoon Smokin' Guns batting - Pitching for Seattle Rainiers : RHP Miguel Valenzuela
|
Pitching: RHP Miguel Valenzuela
|
|
Batting: LHB Andrew Veeck
|
0-0: Called Strike 0-1: Foul Ball, location: 2F 0-2: Fly out, F7 (Flyball, 7S)
|
Batting: RHB Eric Neal
|
0-0: Ball 1-0: SINGLE (Groundball, 56)
|
Batting: LHB Freddy Herrera
|
0-0: Called Strike 0-1: Ball 1-1: Foul Ball, location: 2F 1-2: Foul Ball, location: 2F 1-2: Ball 2-2: Strikes out swinging
|
Batting: LHB Del Kennedy
|
0-0: Called Strike 0-1: Foul Ball, location: 2F 0-2: Foul Ball, location: 2F 0-2: Ball 1-2: Foul Ball, location: 2F 1-2: Ground out 6-3 (Groundball, 6)
|
Top of the 1st over - 0 run(s), 1 hit(s), 0 error(s), 1 left on base; Saskatoon 0 - Seattle 0 |
BOTTOM OF THE 1ST |
Seattle Rainiers batting - Pitching for Saskatoon Smokin' Guns : RHP William Bryan
|
Pitching: RHP William Bryan
|
|
Batting: RHB Aaron Holt
|
0-0: Ball 1-0: Ball 2-0: Called Strike 2-1: Foul Ball, location: 2F 2-2: Foul Ball, location: 2F 2-2: Ball 3-2: Strikes out swinging
|
Batting: RHB Pedro Rodríguez
|
0-0: SINGLE (Groundball, 34D)
|
Batting: LHB Brian Boone
|
0-0: Ball 1-0: TRIPLE (Flyball, 78XD) Pedro Rodríguez scores
|
Batting: SHB Glenn Vadnais
|
0-0: Ground out 4-3 (Groundball, 34) Brian Boone scores
|
Batting: RHB Chris Parker
|
0-0: Ball 1-0: Called Strike 1-1: Foul Ball, location: 2F 1-2: Strikes out swinging
|
Bottom of the 1st over - 2 run(s), 2 hit(s), 0 error(s), 0 left on base; Saskatoon 0 - Seattle 2 |
TOP OF THE 2ND |
Saskatoon Smokin' Guns batting - Pitching for Seattle Rainiers : RHP Miguel Valenzuela
|
Batting: RHB António Yánez
|
0-0: Ball 1-0: Foul Ball, location: 2F 1-1: Foul Ball, location: 2F 1-2: Strikes out looking
|
Batting: RHB Pedro Núńez
|
0-0: Ball 1-0: Called Strike 1-1: Ball 2-1: Ball 3-1: Base on Balls
|
Batting: RHB Kenny Thompson
|
0-0: Foul Ball, location: 2F 0-1: Foul Ball, location: 2F 0-2: Strikes out swinging
|
Batting: RHB Alvin Hampton
|
0-0: Ball 1-0: Called Strike 1-1: Ball 2-1: Foul Ball, location: 2F 2-2: Strikes out swinging
|
Top of the 2nd over - 0 run(s), 0 hit(s), 0 error(s), 1 left on base; Saskatoon 0 - Seattle 2 |
BOTTOM OF THE 2ND |
Seattle Rainiers batting - Pitching for Saskatoon Smokin' Guns : RHP William Bryan
|
Batting: RHB Alejandro Ramos
|
0-0: Ball 1-0: Called Strike 1-1: DOUBLE (Groundball, 5L)
|
Batting: LHB Norbert Mosley
|
0-0: Foul Ball, location: 2F 0-1: Fly out, F8 (Flyball, 78M)
|
Batting: SHB Francisco Lópes
|
0-0: Ball 1-0: SINGLE (Groundball, 34D) (infield hit) Alejandro Ramos to third
|
Batting: RHB Bill Dawson
|
0-0: Ball 1-0: Called Strike 1-1: Ball 2-1: Ball 3-1: Base on Balls Francisco Lópes to second
|
Batting: RHB Aaron Holt
|
0-0: Fly out, F8 (Flyball, 8LM) Runner from 3rd tags up, SCORES, throw made
|
Batting: RHB Pedro Rodríguez
|
0-0: Called Strike 0-1: Swinging Strike 0-2: Ball 1-2: Fly out, F3 (Popup, 3F)
|
Bottom of the 2nd over - 1 run(s), 2 hit(s), 0 error(s), 2 left on base; Saskatoon 0 - Seattle 3 |
TOP OF THE 3RD |
Saskatoon Smokin' Guns batting - Pitching for Seattle Rainiers : RHP Miguel Valenzuela
|
Batting: RHB Jason O'Toole
|
0-0: Ball 1-0: Ground out 1-3 (Groundball, 15)
|
Batting: LHB Andrew Veeck
|
0-0: DOUBLE (Groundball, 3L)
|
Batting: RHB Eric Neal
|
0-0: Foul Ball, location: 2F 0-1: Called Strike 0-2: Ball 1-2: Foul Ball, location: 2F 1-2: Strikes out swinging
|
Batting: LHB Freddy Herrera
|
0-0: Fly out, F7 (Flyball, 78M)
|
Top of the 3rd over - 0 run(s), 1 hit(s), 0 error(s), 1 left on base; Saskatoon 0 - Seattle 3 |
BOTTOM OF THE 3RD |
Seattle Rainiers batting - Pitching for Saskatoon Smokin' Guns : RHP William Bryan
|
Batting: LHB Brian Boone
|
0-0: Called Strike 0-1: Foul Ball, location: 2F 0-2: Ground out U3 (Groundball, 3)
|
Batting: SHB Glenn Vadnais
|
0-0: Ball 1-0: Ball 2-0: Called Strike 2-1: Called Strike 2-2: Strikes out swinging
|
Batting: RHB Chris Parker
|
0-0: Ball 1-0: Foul Ball, location: 2F 1-1: Ground out 4-3 (Groundball, 4)
|
Bottom of the 3rd over - 0 run(s), 0 hit(s), 0 error(s), 0 left on base; Saskatoon 0 - Seattle 3 |
TOP OF THE 4TH |
Saskatoon Smokin' Guns batting - Pitching for Seattle Rainiers : RHP Miguel Valenzuela
|
Batting: LHB Del Kennedy
|
0-0: Ball 1-0: Foul Ball, location: 2F 1-1: Foul Ball, location: 2F 1-2: Ball 2-2: Foul Ball, location: 2F 2-2: Foul Ball, location: 2F 2-2: Foul Ball, location: 2F 2-2: Ball 3-2: Strikes out swinging
|
Batting: RHB António Yánez
|
0-0: Ball 1-0: Ball 2-0: Ball 3-0: Base on Balls
|
Batting: RHB Pedro Núńez
|
0-0: Ball Pickoff Throw by Catcher to First - Error! E2 António Yánez to second 1-0: Called Strike 1-1: Called Strike 1-2: Foul Ball, location: 2F 1-2: Ball 2-2: Ball 3-2: Base on Balls
|
Batting: RHB Kenny Thompson
|
0-0: Called Strike António Yánez steals 3rd base Pedro Núńez to second 0-1: Swinging Strike 0-2: Ball 1-2: DOUBLE (Line Drive, 7LM) António Yánez scores Pedro Núńez scores
|
Batting: RHB Alvin Hampton
|
0-0: Called Strike 0-1: Fly out, F8 (Line Drive, 78M)
|
Batting: RHB Jason O'Toole
|
0-0: Ground out 6-3 (Groundball, 6M)
|
Top of the 4th over - 2 run(s), 1 hit(s), 1 error(s), 1 left on base; Saskatoon 2 - Seattle 3 |
BOTTOM OF THE 4TH |
Seattle Rainiers batting - Pitching for Saskatoon Smokin' Guns : RHP William Bryan
|
Batting: RHB Alejandro Ramos
|
0-0: Called Strike 0-1: Ground out 1-3 (Groundball, 13S)
|
Batting: LHB Norbert Mosley
|
0-0: Ground out 1-3 (Groundball, 15)
|
Batting: SHB Francisco Lópes
|
0-0: Ball 1-0: Called Strike 1-1: Foul Ball, location: 2F 1-2: Foul Ball, location: 2F 1-2: Ground out 5-3 (Groundball, 56S)
|
Bottom of the 4th over - 0 run(s), 0 hit(s), 0 error(s), 0 left on base; Saskatoon 2 - Seattle 3 |
TOP OF THE 5TH |
Saskatoon Smokin' Guns batting - Pitching for Seattle Rainiers : RHP Miguel Valenzuela
|
Batting: LHB Andrew Veeck
|
0-0: Fly out, F8 (Line Drive, 8RM)
|
Batting: RHB Eric Neal
|
0-0: Ball 1-0: Called Strike 1-1: Foul Ball, location: 2F 1-2: Foul Ball, location: 2F 1-2: Ground out 6-3 (Groundball, 6M)
|
Batting: LHB Freddy Herrera
|
0-0: Called Strike 0-1: Ball 1-1: Ball 2-1: Ball 3-1: Base on Balls
|
Batting: LHB Del Kennedy
|
0-0: Called Strike 0-1: Swinging Strike 0-2: Ball 1-2: TRIPLE (Flyball, 8RD) Freddy Herrera scores
|
Batting: RHB António Yánez
|
0-0: Intentional Walk
|
Pitching: RHP César Rodríguez
|
|
Batting: RHB Pedro Núńez
|
0-0: Fly out, F9 (Line Drive, 9M)
|
Top of the 5th over - 1 run(s), 1 hit(s), 0 error(s), 2 left on base; Saskatoon 3 - Seattle 3 |
BOTTOM OF THE 5TH |
Seattle Rainiers batting - Pitching for Saskatoon Smokin' Guns : RHP William Bryan
|
Batting: RHB Bill Dawson
|
0-0: Ground out 6-3 (Groundball, 6)
|
Batting: RHB Aaron Holt
|
0-0: Ball 1-0: Foul Ball, location: 2F 1-1: DOUBLE (Line Drive, 7LM)
|
Batting: RHB Pedro Rodríguez
|
0-0: Called Strike 0-1: SINGLE (Groundball, 34D) Aaron Holt to third Runner from 3rd tries for Home, SAFE, no throw or cutoff
|
Batting: LHB Brian Boone
|
0-0: Foul Ball, location: 2F 0-1: Swinging Strike 0-2: Ground out 5-3 (Groundball, 15S) Pedro Rodríguez to second
|
Batting: SHB Glenn Vadnais
|
0-0: Ball 1-0: Ball 2-0: Ball 3-0: Called Strike 3-1: Base on Balls
|
Batting: RHB Chris Parker
|
0-0: Ball 1-0: Fly out, F9 (Flyball, 89M)
|
Bottom of the 5th over - 1 run(s), 2 hit(s), 0 error(s), 2 left on base; Saskatoon 3 - Seattle 4 |
TOP OF THE 6TH |
Saskatoon Smokin' Guns batting - Pitching for Seattle Rainiers : RHP César Rodríguez
|
Batting: RHB Kenny Thompson
|
0-0: Called Strike 0-1: Ground out 2-3 (Groundball, 15S)
|
Batting: RHB Alvin Hampton
|
0-0: Called Strike 0-1: Foul Ball, location: 2F 0-2: Ball 1-2: Foul Ball, location: 2F 1-2: Fly out, F9 (Flyball, 9M)
|
Batting: RHB Jason O'Toole
|
0-0: Called Strike 0-1: Swinging Strike 0-2: SINGLE (Groundball, 34)
|
Batting: LHB Andrew Veeck
|
0-0: Called Strike 0-1: Ground out 4-3 (Groundball, 4)
|
Top of the 6th over - 0 run(s), 1 hit(s), 0 error(s), 1 left on base; Saskatoon 3 - Seattle 4 |
BOTTOM OF THE 6TH |
Seattle Rainiers batting - Pitching for Saskatoon Smokin' Guns : RHP William Bryan
|
Batting: RHB Alejandro Ramos
|
0-0: Ball 1-0: Ball 2-0: Called Strike 2-1: Ball 3-1: Called Strike 3-2: Base on Balls
|
Batting: LHB Norbert Mosley
|
0-0: Ball 1-0: Grounds into double play, 4-6-3 (Groundball, 34)
|
Batting: SHB Francisco Lópes
|
0-0: SOLO HOME RUN (Flyball, 89XD), Distance : 440 ft
|
Batting: RHB Bill Dawson
|
0-0: Ball 1-0: Ball 2-0: Swinging Strike 2-1: Swinging Strike 2-2: Strikes out looking
|
Bottom of the 6th over - 1 run(s), 1 hit(s), 0 error(s), 0 left on base; Saskatoon 3 - Seattle 5 |
TOP OF THE 7TH |
Saskatoon Smokin' Guns batting - Pitching for Seattle Rainiers : RHP César Rodríguez
|
Batting: RHB Eric Neal
|
0-0: Ball 1-0: Swinging Strike 1-1: DOUBLE (Line Drive, 9LS)
|
Batting: LHB Freddy Herrera
|
0-0: Called Strike 0-1: Swinging Strike 0-2: Ball 1-2: Ball 2-2: Foul Ball, location: 2F 2-2: Strikes out looking
|
Batting: LHB Del Kennedy
|
0-0: Called Strike 0-1: Ball 1-1: Fly out, F8 (Flyball, 8LXD) Runner from 2nd tags up, SAFE at 3rd, no throw
|
Batting: RHB António Yánez
|
0-0: Swinging Strike 0-1: Ball 1-1: Swinging Strike 1-2: Strikes out swinging wild pitch, reaches first! Eric Neal scores
|
Pitching: LHP Jeff Stevenson
|
|
Batting: RHB Pedro Núńez
|
0-0: Called Strike 0-1: SINGLE (Line Drive, 9S) António Yánez to second
|
Batting: RHB Kenny Thompson
|
0-0: Ball 1-0: Ball 2-0: Called Strike 2-1: Foul Ball, location: 2F 2-2: Foul Ball, location: 2F 2-2: Strikes out looking
|
Top of the 7th over - 1 run(s), 2 hit(s), 0 error(s), 2 left on base; Saskatoon 4 - Seattle 5 |
BOTTOM OF THE 7TH |
Seattle Rainiers batting - Pitching for Saskatoon Smokin' Guns : RHP William Bryan
|
Batting: RHB Aaron Holt
|
0-0: Called Strike 0-1: Fly out, F8 (Flyball, 8RS)
|
Batting: RHB Pedro Rodríguez
|
0-0: Called Strike 0-1: Ball 1-1: Ball 2-1: Ground out 4-3 (Groundball, 4)
|
Batting: LHB Brian Boone
|
0-0: Called Strike 0-1: Swinging Strike 0-2: Strikes out swinging
|
Bottom of the 7th over - 0 run(s), 0 hit(s), 0 error(s), 0 left on base; Saskatoon 4 - Seattle 5 |
TOP OF THE 8TH |
Saskatoon Smokin' Guns batting - Pitching for Seattle Rainiers : LHP Jeff Stevenson
|
Pitching: RHP Júlio Quintana
|
|
Batting: RHB Alvin Hampton
|
0-0: Called Strike 0-1: Foul Ball, location: 2F 0-2: Strikes out looking
|
Batting: RHB Jason O'Toole
|
0-0: Called Strike 0-1: Ball 1-1: Swinging Strike 1-2: Ball 2-2: Foul Ball, location: 2F 2-2: Strikes out swinging
|
Batting: LHB Andrew Veeck
|
0-0: Foul Ball, location: 2F 0-1: Fly out, F7 (Flyball, 78M)
|
Top of the 8th over - 0 run(s), 0 hit(s), 0 error(s), 0 left on base; Saskatoon 4 - Seattle 5 |
BOTTOM OF THE 8TH |
Seattle Rainiers batting - Pitching for Saskatoon Smokin' Guns : RHP William Bryan
|
Pitching: RHP Lorenzo Montáńez
|
|
Batting: SHB Glenn Vadnais
|
0-0: DOUBLE (Line Drive, 8RS)
|
Pinch Hitting: LHB Tom Baker
|
0-0: Intentional Walk
|
Batting: RHB Alejandro Ramos
|
0-0: Fly out, F8 (Flyball, 8RM)
|
Pinch Hitting: RHB José Gómez
|
0-0: Foul Ball, location: 2F 0-1: Ball 1-1: Foul Ball, location: 2F 1-2: Foul Ball, location: 2F 1-2: Ball 2-2: DOUBLE (Flyball, 78XD) Glenn Vadnais scores Tom Baker to third Runner from 3rd tries for Home, SAFE, no throw or cutoff
|
Batting: SHB Francisco Lópes
|
0-0: Called Strike 0-1: Ball 1-1: Ball 2-1: Foul Ball, location: 2F 2-2: Ball 3-2: Foul Ball, location: 2F 3-2: Strikes out swinging
|
Batting: RHB Bill Dawson
|
0-0: Ball 1-0: Foul Ball, location: 2F 1-1: Swinging Strike 1-2: Strikes out looking
|
Bottom of the 8th over - 2 run(s), 2 hit(s), 0 error(s), 1 left on base; Saskatoon 4 - Seattle 7 |
TOP OF THE 9TH |
Saskatoon Smokin' Guns batting - Pitching for Seattle Rainiers : RHP Júlio Quintana
|
Pitching: RHP Jorge Chávez
|
|
Now at C: José Gómez
|
|
Now in CF: Tom Baker
|
|
Batting: RHB Eric Neal
|
0-0: Ball 1-0: Ball 2-0: Ball 3-0: Base on Balls
|
Batting: LHB Freddy Herrera
|
0-0: Ball 1-0: Called Strike 1-1: Ball 2-1: Foul Ball, location: 2F 2-2: Ball 3-2: Base on Balls Eric Neal to second
|
Batting: LHB Del Kennedy
|
0-0: Ball 1-0: Ball 2-0: Fly out, F4 (Line Drive, 4D)
|
Batting: RHB António Yánez
|
0-0: Fielders Choice at 2nd, 2-4 (Groundball, 2L) Eric Neal to third
|
Batting: RHB Pedro Núńez
|
0-0: Called Strike 0-1: Called Strike 0-2: Ball 1-2: Ball 2-2: Foul Ball, location: 2F 2-2: Foul Ball, location: 2F Pickoff Throw to First - Error! E1 Eric Neal scores António Yánez to second 2-2: Ball 3-2: Base on Balls
|
Batting: RHB Kenny Thompson
|
0-0: Called Strike 0-1: Ball 1-1: Swinging Strike 1-2: Ball 2-2: Ball 3-2: Foul Ball, location: 2F 3-2: Strikes out looking
|
Top of the 9th over - 1 run(s), 0 hit(s), 1 error(s), 2 left on base; Saskatoon 5 - Seattle 7 |
|